 Dungeon Crawl Stone Soup version 0.22-a0-159-g7ce444fdad (webtiles) character file.

5556 RedPan the Grappler (level 10, -1/96 HPs)
             Began as an Ogre Transmuter on Feb 9, 2018.
             Was an Elder of Cheibriados.
             Shot with an arrow by a centaur (11 damage)
             ... on level 9 of the Dungeon.
             The game lasted 00:27:03 (10537 turns).

RedPan the Grappler (Ogre Transmuter)              Turns: 10537, Time: 00:27:03

Health: -1/96      AC:  3    Str: 26      XL:     10   Next: 71%
Magic:  18/18      EV: 12    Int: 25      God:    Cheibriados [****..]
Gold:   430        SH:  0    Dex: 17 (18) Spells: 14/19 levels left

rFire    . . .     SeeInvis .     - Unarmed
rCold    . . .     Gourm    .   (no shield)
rNeg     . . .     Faith    .   b - +0 robe
rPois    .         Spirit   .   (helmet restricted)
rElec    .         Reflect  .   (no cloak)
rCorr    .         Harm     .   (gloves unavailable)
MR       ++...                  (boots unavailable)
Stlth    ++........             (no amulet)
HPRegen  0.26/turn              s - ring of protection from magic
MPRegen  0.16/turn              e - ring of wizardry

@: very slow
A: large, unfitting armour, tough skin 1
a: Bend Time, Temporal Distortion, Slouch, Renounce Religion


You were on level 9 of the Dungeon.
You worshipped Cheibriados.
Cheibriados was greatly pleased with you.
You were hungry.

You visited 1 branch of the dungeon, and saw 9 of its levels.
You also visited: Ossuary.

You collected 430 gold pieces.

Inventory:

Missiles
 a - 110 arrows
Armour
 b - a +0 robe (worn)
Jewellery
 e - a ring of wizardry (right hand)
 h - a +2 ring of intelligence
 l - an uncursed ring of positive energy
 n - an uncursed ring of flight
 s - a ring of protection from magic (left hand)
 w - an uncursed ring of protection from cold {unknown}
Wands
 r - a wand of iceblast (8)
 u - a wand of acid (12)
Scrolls
 g - 8 scrolls of teleportation
 i - 12 scrolls of remove curse
 k - 4 scrolls of blinking
 p - a scroll of brand weapon {unknown}
 q - a scroll of magic mapping
 v - a scroll of summoning
Potions
 f - 4 potions of curing
 j - a potion of might
 m - 4 potions of haste
 o - 2 potions of flight
 t - a potion of lignification
 x - 2 potions of heal wounds
 A - a potion of cancellation
 B - a potion of ambrosia
 C - 3 potions of invisibility
Books
 c - a book of Changes

   Spells                             Type                      Level
   a - Beastly Appendage              Transmutation                1
   b - Sticks to Snakes               Transmutation                2
   c - Spider Form                    Transmutation/Poison         3
   d - Ice Form                       Ice/Transmutation            4
   e - Blade Hands                    Transmutation                5
Comestibles
 d - 14 rations


   Skills:
 - Level 5.3 Fighting
 + Level 4.0 Dodging
 + Level 9.9 Unarmed Combat
 - Level 5.4 Spellcasting
 - Level 5.3 Transmutations
 - Level 4.0 Ice Magic
 - Level 6.0 Invocations


You had 14 spell levels left.
You knew the following spells:

 Your Spells              Type           Power        Failure   Level  Hunger
a - Beastly Appendage     Tmut           ####..       1%          1    None
c - Ice Form              Ice/Tmut       ####....     4%          4    ###....


Dungeon Overview and Level Annotations

Branches:
Dungeon (9/15)             Temple (0/1) D:7
   Lair: D:8-11         Orc: D:9-12

Altars:
Ashenzari
Cheibriados
Elyvilon
Fedhas
Hepliaklqana
Makhleb
Nemelex Xobeh
Ru
Sif Muna
Vehumet
Yredelemnul

Shops:
D:8 :

Annotations:
D:6 exclusion: orc wizard
D:9 exclusions: 2 electric eels and 1 more exclusion


Innate Abilities, Weirdness & Mutations

You are too large for most types of armour.
You have tough skin. (AC +1)


Message History

The centaur shouts!
The centaur wields a runed shortbow.
It is covered in frost.
The centaur shoots an arrow.
The arrow hits you. The arrow freezes you.
The centaur wields a shortbow.
The centaur shoots an arrow.
The arrow hits you!
The centaur shoots an arrow.
The arrow completely misses you.
The centaur shoots an arrow.
The arrow hits you! The arrow freezes you.
You see here 3 arrows.
The centaur shoots an arrow.
The arrow hits you. The arrow freezes you.
The centaur shoots an arrow.
The arrow hits you!
* * * LOW HITPOINT WARNING * * *
The arrow freezes you.
* * * LOW HITPOINT WARNING * * *
You hear a shout!
You see here 2 arrows.
The centaur shoots an arrow.
The arrow hits you!
* * * LOW HITPOINT WARNING * * *
The arrow freezes you.
* * * LOW HITPOINT WARNING * * *
The centaur shoots an arrow.
The arrow hits you!
You die...

#.#...#.#.≈≈≈≈≈≈.####.≈≈≈≈ .
#.#.###.# ..≈≈≈≈≈c.≈≈≈≈≈≈.≈≈≈
#.#.#...####.≈≈≈≈≈≈≈≈≈≈≈..≈≈≈
#.#.#..........≈≈≈≈≈≈.# ...;≈
#.#.#....###.##(#...#.#......
#.#.##.#.# #..(.......#...#
#.#....#.###....###.....#
#.####.....#.###........# #.#
#..#.#.#@###........####
#.#......#....#.............
#.#############.............
#...........><......>...#.##
###############.............
......>.........#.##
................#+#
..................
.........#.........


You could see a centaur.

Vanquished Creatures
  A two-headed ogre (D:8)
  The ghost of WhatIsLove the Fighter, a novice HOMo of Beogh (D:6)
  Grinder (D:5)
  3 hornets (D:8)
  2 hippogriffs
  Sigmund (D:6)
  Edmund (D:5)
  A soldier ant (D:8)
  A sky beast (D:8)
  The ghost of WhatIsLove the Skirmisher, an amateur HOMo (D:3)
  An orc warrior (D:6)
  A phantom (D:7)
  A black bear (D:6)
  2 ogres (D:5)
  3 centaurs
  3 bullfrogs
  A gnoll sergeant (D:5)
  3 scorpions
  2 wyvern skeletons
  6 killer bees (D:7)
  A jelly (D:7)
  2 howler monkeys
  A crimson imp (D:8)
  A quasit (D:8)
  A bullfrog zombie (D:7)
  A centaur skeleton (D:4)
  7 orc priests
  2 bullfrog skeletons
  2 hounds
  4 orc wizards
  An iguana (D:8)
  2 worker ants
  A hound zombie (D:6)
  A hound skeleton (D:4)
  13 mummies
  6 gnolls
  6 adders
  A shadow imp (D:9)
  3 adder skeletons
  3 worms
  4 dart slugs
  5 leopard geckos
  36 orcs
  6 giant cockroaches
  9 goblins
  11 hobgoblins
  7 jackals
  3 quokkas
  2 ball pythons
  11 bats
  9 frilled lizards
  2 gnoll skeletons (Ossuary)
  2 goblin skeletons (Ossuary)
  6 kobolds
  2 kobold skeletons (Ossuary)
  2 leopard gecko skeletons
  2 orc skeletons (Ossuary)
  A quokka skeleton (D:6)
  9 rats
  11 rat skeletons (Ossuary)
  A spectral orc (D:3)
236 creatures vanquished.

Notes
Turn   | Place    | Note
-------+----------+-------------------------------------------
     0 | D:1      | RedPan the Ogre Transmuter began the quest for the Orb.
     0 | D:1      | Reached XP level 1. HP: 19/19 MP: 3/3
   103 | D:1      | Reached skill level 3 in Unarmed Combat
   103 | D:1      | Reached XP level 2. HP: 18/27 MP: 3/5
   399 | D:1      | Reached XP level 3. HP: 29/33 MP: 4/6
   604 | D:1      | Learned a level 3 spell: Spider Form
  1164 | D:2      | Reached XP level 4. HP: 38/41 MP: 3/7
  1465 | D:2      | HP: 2/41 [orc priest/whip (3)]
  1721 | D:2      | Reached skill level 4 in Unarmed Combat
  1886 | D:2      | Reached XP level 5. HP: 48/48 MP: 8/8
  1986 | D:2      | Learned a level 4 spell: Ice Form
  2143 | D:3      | Found a basalt altar of Yredelemnul.
  2168 | D:3      | Found a blossoming altar of Fedhas.
  2441 | D:3      | Noticed WhatIsLove's ghost (amateur HOMo)
  2476 | D:3      | Killed WhatIsLove's ghost
  2476 | D:3      | Reached skill level 1 in Ice Magic
  2476 | D:3      | Reached XP level 6. HP: 53/55 MP: 5/9
  2727 | D:3      | Found a radiant altar of Vehumet.
  2740 | D:3      | Found a snail-covered altar of Cheibriados.
  2760 | D:3      | Became a worshipper of Cheibriados the Contemplative
  2927 | D:3      | Found a shattered altar of Ashenzari.
  3350 | D:4      | Reached skill level 5 in Unarmed Combat
  3492 | D:4      | Reached XP level 7. HP: 62/62 MP: 1/10
  3497 | D:4      | Found a sacrificial altar of Ru.
  3663 | D:4      | Found a hazy altar of Hepliaklqana.
  3722 | D:4      | Reached * piety under Cheibriados
  3796 | D:5      | Entered Level 5 of the Dungeon
  4323 | D:5      | Reached skill level 6 in Unarmed Combat
  4456 | D:5      | Noticed Grinder
  4456 | D:5      | Paralysed by Grinder for 3 turns
  4467 | D:5      | Paralysed by Grinder for 6 turns
  4484 | D:5      | Killed Grinder
  4484 | D:5      | Reached XP level 8. HP: 51/70 MP: 8/11
  4769 | D:5      | Noticed Edmund
  4779 | D:5      | Killed Edmund
  5097 | D:5      | HP: 3/84 [centaur (3)]
  5737 | D:5      | Reached skill level 7 in Unarmed Combat
  5737 | D:5      | Reached skill level 5 in Transmutations
  6447 | D:6      | Noticed Sigmund
  6461 | D:6      | Killed Sigmund
  6461 | D:6      | Reached XP level 9. HP: 51/76 MP: 10/15
  6642 | D:6      | Noticed WhatIsLove's ghost (novice HOMo)
  6662 | D:6      | Killed WhatIsLove's ghost
  6662 | D:6      | Reached skill level 8 in Unarmed Combat
  6662 | D:6      | Reached skill level 5 in Spellcasting
  6668 | D:6      | Found a deep blue altar of Sif Muna.
  6688 | D:6      | Reached ** piety under Cheibriados
  7432 | D:7      | Reached skill level 1 in Invocations
  7546 | D:7      | Found a staircase to the Ecumenical Temple.
  7848 | D:7      | Found a sand-covered staircase.
  7862 | Ossuary  | Entered an ossuary
  8225 | Ossuary  | Reached *** piety under Cheibriados
  8886 | D:7      | Reached skill level 9 in Unarmed Combat
  9060 | D:7      | Reached skill level 5 in Fighting
  9060 | D:7      | Reached XP level 10. HP: 73/96 MP: 13/18
  9453 | D:8      | Found a sparkling altar of Nemelex Xobeh.
  9499 | D:8      | Reached **** piety under Cheibriados
  9736 | D:8      | Found Ratsora's Book Shoppe.
  9911 | D:8      | Paralysed by a hornet for 3 turns
  9917 | D:8      | Reached skill level 5 in Invocations
  9989 | D:8      | Noticed a two-headed ogre
  9995 | D:8      | Killed a two-headed ogre
 10232 | D:8      | Found a burning altar of Makhleb.
 10248 | D:8      | Found a white marble altar of Elyvilon.
 10537 | D:9      | Shot with an arrow by a centaur

Vault maps used:
D:1:      roderic_dead_forest
D:2:      kennysheep_six_static_rooms
D:3:      fedhas_altar_1, nicolae_ashenzari_panopticon, vehumet_crystals,
          overflow_temple_1_default, yredelemnul_forgotten_temple_becter,
          first_ration, minmay_splitting_lines
D:4:      hangedman_ru_absence, lemuel_round_altar, grunt_ministairs_11
D:5:      kennysheep_cross_room, uniq_edmund, uniq_grinder
D:6:      led_sif_book, uniq_sigmund
D:7:      minmay_temple_entry_purple_smoke, gup_ossuary_entry_pyramid
D:8:      nicolae_overflow_crystal_walls, amethyst_overflow_temple_binary,
          serial_shops, kennysheep_mini_moat, hangedman_pestilent_swarm
D:9:      lemuel_coloured_pillars_altar, marbit_many_paths, minivault_4,
          centaur_isle
Ossuary:  ossuary_due_small_catacomb

Skill      XL: |  1  2  3  4  5  6  7  8  9 10 |
---------------+-------------------------------+-----
Transmutations | 2 3 4 5 |  5.3
Unarmed Combat | 3 4 5 6 7 9 |  9.9
Ice Magic      | 1 3 4 |  4.0
Spellcasting   | 4 5 |  5.4
Fighting       | 5 |  5.3
Invocations    | 3 6 |  6.0
Dodging        | 4 |  4.0

Action                   |  1- 3 |  4- 6 |  7- 9 | 10-12 || total
-------------------------+-------+-------+-------+-------++-------
Melee: Unarmed           |   115 |   235 |   325 |    74 ||   749
       Kick              |     7 |     2 |       |       ||     9
       Punch             |     3 |     4 |     3 |     1 ||    11
       Headbutt          |     6 |       |       |       ||     6
 Cast: Beastly Appendage |    16 |     5 |       |       ||    21
       Spider Form       |     2 |     4 |       |       ||     6
       Ice Form          |       |     5 |    32 |     8 ||    45
Invok: Bend Time         |       |       |       |     2 ||     2
  Use: Potion            |       |     1 |     5 |       ||     6
       Scroll            |       |     5 |    15 |       ||    20
 Stab: Sleeping          |       |       |     2 |       ||     2
  Eat: Chunk             |     1 |    10 |     8 |     3 ||    22
       Ration            |       |       |     2 |       ||     2
Armor: Robe              |    32 |    59 |    19 |    10 ||   120
       Skin              |       |    12 |    52 |     7 ||    71
Dodge: Dodged            |    59 |   149 |   157 |    34 ||   399

Table legend:
 A = Spawn XP
 B = Non-spawn XP
 C = Spawn XP percentage of total XP
 D = Spawn monster count
 E = Non-spawn monster count
 F = Spawn count percentage of total count
 G = Total turns spent on level
                    A         B        C        D         E        F      G
               +---------+---------+-------+---------+---------+-------+---------
         Total |       0 |    7938 |   0.0 |       0 |     236 |   0.0 | 10537
               +---------+---------+-------+---------+---------+-------+---------
           D:1 |       0 |      52 |   0.0 |       0 |      28 |   0.0 |   851
           D:2 |       0 |     120 |   0.0 |       0 |      35 |   0.0 |  1287
           D:3 |       0 |     191 |   0.0 |       0 |      23 |   0.0 |   892
           D:4 |       0 |     343 |   0.0 |       0 |      22 |   0.0 |   766
           D:5 |       0 |    1118 |   0.0 |       0 |      21 |   0.0 |  2232
           D:6 |       0 |    1616 |   0.0 |       0 |      23 |   0.0 |  1383
           D:7 |       0 |    1389 |   0.0 |       0 |      27 |   0.0 |  1063
           D:8 |       0 |    2792 |   0.0 |       0 |      24 |   0.0 |   989
           D:9 |       0 |      87 |   0.0 |       0 |       2 |   0.0 |    99
       Ossuary |       0 |     230 |   0.0 |       0 |      31 |   0.0 |   975
               +---------+---------+-------+---------+---------+-------+---------
